 Dungeon Crawl Stone Soup version 0.28.0-53-g5a82cb258f (webtiles) character file.

Game seed: 1821275852012615023

132517 sking99 the Peltast (level 16, 0/157 HPs)
             Began as a Minotaur Fighter on June 1, 2022.
             Was a High Priest of Okawaru.
             Slain by a salamander
             ... wielding a +0 glaive
              (11 damage)
             ... on level 1 of the Snake Pit.
             The game lasted 01:10:00 (29114 turns).

sking99 the Peltast (Minotaur Fighter)             Turns: 29114, Time: 01:10:01

Health: 0/157      AC: 39    Str: 29    XL:     16   Next: 57%
Magic:  1/21       EV: 11    Int:  5    God:    Okawaru [*****.]
Gold:   3002       SH: 24    Dex: 13    Spells: 15/15 levels left

rFire   . . .      SeeInvis .   b - +2 eveningstar (holy)
rCold   . . .      Faith    .   P - +1 tower shield {reflect}
rNeg    . . .      Spirit   .   X - +3 crystal plate armour of the Nightingale {Str+3 Dex+3}
rPois   +          Reflect  +   E - +1 hat of Gravity {Regen+ Str-3 Stlth+}
rElec   .          Harm     .   k - +2 cloak
rCorr   .          Rampage  .   I - +1 pair of gloves {Stlth+}
Will    +....                   T - +0 pair of boots "Qet Apo" {Regen+}
Stlth   ..........              p - amulet of regeneration
HPRegen 2.76/turn               H - +4 ring of evasion
MPRegen 0.17/turn               K - ring of poison resistance

@: about to teleport, heroic, constricted, studying Maces & Flails
A: horns 2, retaliatory headbutt
a: Renounce Religion, Heroism, Finesse, Duel


You were on level 1 of the Snake Pit.
You worshipped Okawaru.
Okawaru was extremely pleased with you.
You visited 5 branches of the dungeon, and saw 25 of its levels.
You also visited: Bailey, Gauntlet and Ice Cave.

You collected 3034 gold pieces.
You spent 32 gold pieces at shops.

Inventory:

Hand Weapons
 b - a +2 eveningstar of holy wrath (weapon)
 F - the +6 shillelagh "Devastator" {shatter}
   (You found it on level 11 of the Dungeon)

   It releases a powerful concussive burst when it strikes, dealing extra damage
   to the target and all other foes adjacent to them.
Missiles
 y - 10 boomerangs of dispersal
 C - a throwing net
 J - 7 datura-tipped darts
 M - 16 boomerangs
 V - 10 atropa-tipped darts
Armour
 k - a +2 cloak (worn)
 E - the +1 hat of Gravity (worn) {Regen+ Str-3 Stlth+}
   (You found it in a Gauntlet)

   Str:       It affects your strength (-3).
   Regen:     It increases your rate of health regeneration.
   Stlth:     It makes you more stealthy.
 I - a +1 pair of gloves of stealth (worn)
 P - a +1 tower shield of reflection (worn)
 T - the +0 pair of boots "Qet Apo" (worn) {Regen+}
   (You acquired it on level 15 of the Dungeon)

   Regen:     It increases your rate of health regeneration.
 X - the +3 crystal plate armour of the Nightingale (worn) {Str+3 Dex+3}
   (Okawaru gifted it to you on level 13 of the Dungeon)

   Str:       It affects your strength (+3).
   Dex:       It affects your dexterity (+3).
Jewellery
 h - a +6 ring of intelligence
 j - a ring of resist corrosion
 p - an amulet of regeneration (around neck)
 w - a +6 ring of dexterity
 A - a ring of fire
 G - the ring "Koest" {Ice Int+3}
   (You took it off an orc knight on level 11 of the Dungeon)

   [ring of ice]

   It enhances your ice magic.
   Int:       It affects your intelligence (+3).
   rF:        It makes you vulnerable to fire.
   rC:        It protects you from cold.
 H - a +4 ring of evasion (left hand)
 K - a ring of poison resistance (right hand)
Wands
 a - a wand of digging (6)
 l - a wand of mindburst (1)
 m - a wand of flame (39) (quivered)
 s - a wand of polymorph (23)
 O - a wand of paralysis (8)
 S - a wand of acid (2)
Scrolls
 d - a scroll of fog
 e - 2 scrolls of fear
 f - 3 scrolls of identify
 g - 2 scrolls of blinking
 u - a scroll of enchant armour
 v - 3 scrolls of amnesia
 D - 9 scrolls of teleportation
 Y - 5 scrolls of silence
 Z - a scroll of magic mapping
Potions
 c - a potion of invisibility {unknown}
 i - 4 potions of haste
 n - 6 potions of brilliance
 o - 2 potions of ambrosia
 q - 5 potions of cancellation
 r - 6 potions of curing
 t - 4 potions of magic
 x - a potion of resistance
 z - 2 potions of mutation
 Q - 4 potions of flight
 R - 2 potions of berserk rage
 U - 3 potions of attraction
 W - a potion of might
Miscellaneous
 B - a tin of tremorstones (2/2)


   Skills:
 + Level 18.1(23.1) Fighting
 - Level 16.0(21.0) Maces & Flails
 - Level 12.0(17.0) Throwing
 + Level 15.2(20.2) Armour
 + Level 5.8(10.8) Dodging
 * Level 18.4(23.4) Shields
 + Level 8.0 Invocations


You had 15 spell levels left.
You didn't know any spells.
Your spell library contained the following spells:

 Spells                   Type           Power      Damage    Failure   Level
 Beastly Appendage        Tmut           0%         N/A       100%        1
 Freeze                   Ice            0%         1d3       100%        1
 Magic Dart               Conj           0%         1d3       100%        1
 Ensorcelled Hibernation  Hex/Ice        0%         N/A       100%        2
 Passwall                 Tmut/Erth      0%         N/A       100%        2
 Wereblood                Tmut           0%         N/A       100%        2
 Dazzling Flash           Conj/Hex       0%         N/A       100%        3
 Frozen Ramparts          Ice            0%         1d2       100%        3
 Gell's Gravitas          Tloc           0%         N/A       100%        3
 Lesser Beckoning         Tloc           0%         N/A       100%        3
 Mephitic Cloud           Conj/Pois/Air  0%         N/A       100%        3
 Spider Form              Tmut/Pois      0%         N/A       100%        3
 Stone Arrow              Conj/Erth      0%         3d7       100%        3
 Swiftness                Air            0%         N/A       100%        3
 Teleport Other           Tloc           0%         N/A       100%        3
 Anguish                  Hex/Necr       0%         N/A       100%        4
 Cause Fear               Hex            0%         N/A       100%        4
 Hailstorm                Conj/Ice       0%         3d3       100%        4
 Agony                    Necr           0%         N/A       100%        5
 Blade Hands              Tmut           0%         N/A       100%        5
 Freezing Cloud           Conj/Ice/Air   0%         6-21      100%        5
 Irradiate                Conj/Tmut      0%         3d13      100%        5
 Silence                  Hex/Air        0%         N/A       100%        5
 Eringya's Noxious Bog    Tmut/Pois      0%         N/A       100%        6
 Dragon Form              Tmut           0%         N/A       100%        7
 Orb of Destruction       Conj           0%         9d5       100%        7
 Lehudib's Crystal Spear  Conj/Erth      0%         10d2      100%        8
 Polar Vortex             Ice            0%         N/A       100%        9
 Call Imp                 Summ           Unusable   N/A       N/A         2
 Summon Guardian Golem    Hex/Summ       Unusable   N/A       N/A         3
 Animate Armour           Summ/Erth      Unusable   N/A       N/A         4
 Summon Forest            Summ/Tloc      Unusable   N/A       N/A         5
 Simulacrum               Ice/Necr       Unusable   N/A       N/A         6
 Spellforged Servitor     Conj/Summ      Unusable   N/A       N/A         7
 Summon Hydra             Summ           Unusable   N/A       N/A         7
 Dragon's Call            Summ           Unusable   N/A       N/A         9

Dungeon Overview and Level Annotations

Branches:
Dungeon (15/15)            Temple (1/1) D:5            Lair (6/6) D:8
 Shoals (0/4) Lair:3        Snake (1/4) Lair:3        Slime (0/5) Lair:5
    Orc (2/2) D:10            Elf (0/3) Orc:2        Vaults (0/5) D:14
 Depths (0/4) D:15         Bailey (visited)           IceCv (visited)
Gauntlet (visited)

Altars:
Ashenzari
Cheibriados
Dithmenos
Elyvilon
Fedhas
Gozag
Hepliaklqana
Kikubaaqudgha
Makhleb
Nemelex Xobeh
Okawaru
Qazlal
Ru
Sif Muna
Trog
Uskayaw
Vehumet
Wu Jian
Xom
Yredelemnul
Zin
The Shining One
Beogh
Jiyva

Shops:
D:14 :   Orc:2 :([?

Annotations:
D:8 1 runed translucent door, JhonaSan2K's ghost, novice GrEE
D:11 3 runed translucent doors, Seraphu's ghost, novice HOFi


Innate Abilities, Weirdness & Mutations

You have a pair of horns on your head.
You reflexively headbutt those who attack you in melee.


Message History

The shock serpent bites you!
* * * LOW HITPOINT WARNING * * *
The shock serpent shocks you!
* * * LOW HITPOINT WARNING * * *
The mana viper closely misses you.
The salamander hits you from afar with a +0 glaive!
* * * LOW HITPOINT WARNING * * *
You are engulfed in flames!
* * * LOW HITPOINT WARNING * * *
The naga mage hits you but does no damage.
The nagaraja spits poison at you.
The splash of poison hits you but does no damage.
You resist. The nagaraja constricts you. The mana viper barely misses you.
The salamander barely misses you.
You impale the shock serpent!!
The shock serpent is heavily wounded.
The shock serpent's electric aura discharges, shocking you!
* * * LOW HITPOINT WARNING * * *
The shock serpent looks more healthy.
You block the shock serpent's attack.
The naga mage hits you but does no damage.
The mana viper completely misses you. You furiously retaliate!
You headbutt the mana viper! The nagaraja loses its grip on you.
You block the mana viper's attack. You block the salamander's attack.
You hit the shock serpent. Your headbutt misses the shock serpent.
The shock serpent is heavily wounded.
You block the shock serpent's attack. You block the salamander's attack.
The naga mage spits poison at you.
The splash of poison hits you but does no damage.
You resist.
The mana viper bites you but does no damage. x2
You block the shock serpent's attack.
You bludgeon the shock serpent!!
You kill the shock serpent!
Okawaru accepts your kill.
The air sparks with electricity, shocking you!
You block the nagaraja's attack. The nagaraja grabs you.
The nagaraja constricts you. You block the naga mage's attack.
You block the mana viper's attack.
The salamander hits you from afar with a +0 glaive!
You die...

..## ##......#######........##...
..# ###..#...#>...###.......##...
.####........÷....###.......##...
.##........#.......##.......##...
#..........#.......#.#.....###...
#.........##..(.....##.....#.#...
........#.##...^....###......#...
..........###............))......
.......#..# ##.N@N.....)..)>####.
#.######### ##.SS....#####)#####
#.### ##N.N..## ##.#..).) ##..#
......# ##.......† #.### #......#
#......... ### #..##..#
##........ .# ...# ..# #........
## .... ..# #........ .# .. #
##.......


You could see a nagaraja (fast, poisoned), 2 salamanders, 2 mana vipers and a
naga mage (fast, catching breath).

Vanquished Creatures
  Nikola (Arena)
  Rupert (Arena)
  Gastronok (D:8)
  An orc warlord (Arena)
  A stone giant (D:15)
  A stone giant (shapeshifter) (Gauntlet)
  Azrael (D:13)
  A minotaur (Gauntlet)
  Josephine (Snake:1)
  Fannar (D:11)
  A boulder beetle (D:15)
  3 naga warriors (Snake:1)
  Erolcha (Orc:1)
  5 vault guards (D:14)
  13 hydras
  3 anacondas (Snake:1)
  4 catoblepae
  2 ogre magi (D:14)
  4 centaur warriors
  7 two-headed ogres
  3 tengu warriors
  11 death yaks
  A shock serpent (shapeshifter) (Gauntlet)
  2 shock serpents (Snake:1)
  2 naga sharpshooters (Snake:1)
  A salamander mystic (Snake:1)
  A skeletal warrior (D:11)
  A deep elf archer (D:14)
  A naga ritualist (Snake:1)
  A deep troll (D:14)
  A deep elf pyromancer (D:14)
  6 orc knights
  19 ugly things
  4 mana vipers (Snake:1)
  A wolf spider (shapeshifter) (Gauntlet)
  2 orc sorcerers
  3 manticores
  6 cyclopes
  3 guardian serpents
  4 salamanders (Snake:1)
  20 elephants
  Joseph (D:8)
  18 black mambas
  A gargoyle (D:12)
  3 ice statues (IceCv)
  2 naga magi (Snake:1)
  A centaur skeleton (D:15)
  5 rime drakes
  Psyche (D:8)
  10 cane toads
  A freezing wraith (IceCv)
  9 komodo dragons
  2 unseen horrors (D:11)
  An anaconda simulacrum (IceCv)
  3 efreet
  An entropy weaver simulacrum (IceCv)
  2 ice devils (Lair:6)
  4 tengu conjurers
  9 trolls
  Grinder (D:3)
  A meliai (D:11)
  A hornet (D:14)
  2 polar bears
  A harpy skeleton (D:15)
  6 slime creatures
  16 blink frogs
  6 dream sheep (Lair:6)
  7 wraiths
  3 shadows (Gauntlet)
  A water elemental (D:15)
  68 yaks
  A vampire (D:11)
  A yak (shapeshifter) (D:14)
  2 basilisks
  A fire elemental (D:13)
  4 wyverns
  2 steam dragons (D:8)
  A human (D:14)
  2 death yak simulacra (IceCv)
  3 vampire mosquitoes (D:15)
  3 wargs
  Edmund (D:5)
  An acid dragon (D:11)
  6 hell hounds (D:13)
  18 nagas (Snake:1)
  15 water moccasins
  38 orc warriors
  A sky beast (D:6)
  2 ice beasts
  2 necrophages
  13 wolves
  A boggart (D:11)
  7 ogres
  15 centaurs
  A phantom (D:7)
  A kobold brigand (D:9)
  A cane toad simulacrum (IceCv)
  12 bullfrogs
  2 wyvern zombies
  2 gnoll sergeants
  6 scorpions (D:11)
  A water moccasin zombie (D:6)
  A hornet simulacrum (D:15)
  A water moccasin skeleton (D:6)
  An elephant simulacrum (IceCv)
  19 killer bees
  4 wights (D:5)
  2 vampire bats
  2 howler monkeys (D:12)
  7 electric eels
  4 centaur zombies
  2 lava snakes (D:10)
  A crimson imp (D:9)
  A hound (D:6)
  3 jellies
  34 orc priests
  Jessica (D:3)
  Ijyb (D:3)
  Terence (D:3)
  5 hell rats (Lair:1)
  3 iguanas
  32 orc wizards
  2 wolf simulacra (IceCv)
  A hound zombie (D:5)
  14 gnolls
  11 adders
  A howler monkey skeleton (D:4)
  A shadow imp (D:6)
  A white imp (D:5)
  2 ufetubi (D:5)
  2 worms
  An adder skeleton (D:4)
  A dart slug (D:1)
  7 fire bats
  123 orcs
  2 spectral bats (D:5)
  28 bats
  3 bat skeletons (D:5)
  A bat zombie (D:5)
  6 endoplasms
  2 giant cockroaches
  5 goblins
  7 hobgoblins
  11 jackals
  2 quokkas
  5 ball pythons
  A bat simulacrum (D:5)
  3 frilled lizards
  A jackal skeleton (D:4)
  4 kobolds
  4 rats
876 creatures vanquished.

Vanquished Creatures (others)
  An ugly thing (IceCv)
  3 orc wizards
  3 fire vortices (D:10)
  37 fungi
  90 plants
134 creatures vanquished.

Grand Total: 1010 creatures vanquished

Notes
Turn   | Place    | Note
-------+----------+-------------------------------------------
     0 | D:1      | sking99 the Minotaur Fighter began the quest for the Orb.
     0 | D:1      | Reached XP level 1. HP: 19/19 MP: 0/0
   249 | D:1      | Reached XP level 2. HP: 27/27 MP: 1/1
   610 | D:1      | Reached XP level 3. HP: 33/33 MP: 2/2
  1275 | D:2      | Found a faded altar of an unknown god.
  1724 | D:2      | Reached XP level 4. HP: 40/40 MP: 3/3
  1940 | D:3      | Noticed Ijyb
  1951 | D:3      | Killed Ijyb
  1976 | D:3      | Noticed Grinder
  1976 | D:3      | Paralysed by Grinder for 2 turns
  1988 | D:3      | Paralysed by Grinder for 4 turns
  2012 | D:3      | Killed Grinder
  2013 | D:3      | Reached skill level 5 in Fighting
  2013 | D:3      | Reached skill level 5 in Maces & Flails
  2013 | D:3      | Reached skill level 5 in Armour
  2013 | D:3      | Reached skill level 5 in Shields
  2013 | D:3      | Reached XP level 5. HP: 39/48 MP: 4/4
  2013 | D:3      | Reached XP level 6. HP: 45/56 MP: 5/5
  2174 | D:3      | Noticed Terence
  2266 | D:3      | Killed Terence
  2365 | D:3      | Noticed Jessica
  2368 | D:3      | Killed Jessica
  2653 | D:4      | Identified 3 scrolls of acquirement
  2653 | D:4      | Acquired a manual of Maces & Flails
  3782 | D:5      | Entered Level 5 of the Dungeon
  3918 | D:5      | Reached XP level 7. HP: 61/61 MP: 6/6
  3975 | D:5      | Found a staircase to the Ecumenical Temple.
  4001 | Temple   | Entered the Ecumenical Temple
  4211 | Temple   | Became a worshipper of Warmaster Okawaru
  4483 | D:5      | Reached skill level 1 in Invocations
  4683 | D:5      | Reached * piety under Okawaru
  5154 | D:5      | Reached XP level 8. HP: 53/70 MP: 8/8
  5799 | D:6      | Noticed Edmund
  5821 | D:5      | Killed Edmund
  6077 | D:6      | Reached skill level 10 in Maces & Flails
  6116 | D:6      | Reached ** piety under Okawaru
  6861 | D:6      | Reached XP level 9. HP: 70/79 MP: 10/10
  7614 | D:7      | Found a blossoming altar of Fedhas.
  7751 | D:7      | Reached *** piety under Okawaru
  8554 | D:8      | Found a runed translucent door.
  8556 | D:8      | Noticed JhonaSan2K's ghost (novice GrEE)
  8556 | D:8      | Identified the +4 trident of Wyrd {holy, rPois rCorr Int-4
                  | Stlth+}
  8558 | D:8      | Noticed a polar bear
  8583 | D:8      | Found a flagged portal.
  8593 | Bailey   | Entered a bailey
  9106 | Bailey   | Reached skill level 5 in Invocations
  9300 | Bailey   | Noticed an orc knight
  9300 | Bailey   | Noticed an orc knight
  9310 | Bailey   | Killed an orc knight
  9311 | Bailey   | Reached XP level 10. HP: 21/90 MP: 9/12
  9315 | Bailey   | HP: 2/90 [orc knight/+0 halberd (11)]
  9317 | Bailey   | Killed an orc knight
  9317 | Bailey   | Reached **** piety under Okawaru
  9841 | D:8      | Noticed Psyche
  9871 | D:8      | Killed Psyche
  9914 | D:8      | Received a gift from Okawaru
  9925 | D:8      | Reached skill level 10 in Fighting
  9925 | D:8      | Reached skill level 10 in Armour
 10087 | D:8      | Received a gift from Okawaru
 10107 | D:8      | Noticed Joseph
 10119 | D:8      | Killed Joseph
 10120 | D:8      | Reached skill level 1 in Throwing
 10436 | D:8      | Found a staircase to the Lair.
 10484 | D:8      | Noticed Gastronok
 10593 | D:8      | Killed Gastronok
 10680 | D:8      | Reached XP level 11. HP: 97/101 MP: 13/13
 10800 | D:8      | Reached ***** piety under Okawaru
 11572 | D:9      | Noticed a two-headed ogre
 11579 | D:9      | Killed a two-headed ogre
 11768 | D:9      | Found a glowing golden altar of the Shining One.
 12176 | D:9      | Found a shimmering altar of Xom.
 12176 | D:9      | Found a burning altar of Makhleb.
 12264 | D:10     | Entered Level 10 of the Dungeon
 12523 | D:10     | Found a staircase to the Orcish Mines.
 12695 | D:10     | Found a stormy altar of Qazlal.
 12699 | D:10     | Found a basalt altar of Yredelemnul.
 13635 | D:10     | Received a gift from Okawaru
 13711 | D:10     | Found a hide-covered altar of Uskayaw.
 13714 | D:10     | Found a radiant altar of Vehumet.
 13759 | D:11     | Noticed a two-headed ogre
 13759 | D:11     | Noticed a two-headed ogre
 13766 | D:11     | Killed a two-headed ogre
 13767 | D:11     | Reached skill level 5 in Throwing
 13774 | D:11     | Killed a two-headed ogre
 13845 | D:11     | Found the +6 shillelagh "Devastator" {shatter}
 13998 | D:11     | Noticed a two-headed ogre
 14004 | D:11     | Killed a two-headed ogre
 14006 | D:11     | Received a gift from Okawaru
 14014 | D:11     | Identified the ring "Koest" {Ice Int+3}
 14014 | D:11     | Noticed an orc knight
 14017 | D:11     | Noticed a skeletal warrior
 14017 | D:11     | Identified the +8 great sword "Egot" {drain, rN+ Stlth+}
 14017 | D:11     | Noticed a centaur warrior
 14020 | D:11     | Reached XP level 12. HP: 108/113 MP: 14/16
 14025 | Arena    | Entered the Arena
 14027 | Arena    | Killed a centaur warrior
 14598 | D:11     | Noticed an eight-headed hydra
 14603 | D:11     | Killed an eight-headed hydra
 14740 | D:11     | Found a runed translucent gate.
 14740 | D:11     | Found a runed translucent gate.
 14740 | D:11     | Found a runed translucent gate.
 14741 | D:11     | Noticed Seraphu's ghost (novice HOFi)
 14761 | D:11     | Noticed Fannar
 14765 | D:11     | Killed Fannar
 15537 | Lair:1   | Entered Level 1 of the Lair of Beasts
 15560 | Lair:1   | Found a gate leading to a gauntlet.
 15569 | Gauntlet | Entered a Gauntlet
 15569 | Gauntlet | Found a transporter.
 15569 | Gauntlet | Found a transporter.
 15573 | Gauntlet | Found a transporter.
 15573 | Gauntlet | Found a transporter.
 15578 | Gauntlet | Noticed a catoblepas
 15582 | Gauntlet | Found a transporter.
 15601 | Gauntlet | Found a transporter.
 15610 | Gauntlet | Noticed a reaper
 15611 | Gauntlet | Found a transporter.
 15611 | Gauntlet | Found a transporter.
 15614 | Gauntlet | Found a transporter.
 15641 | Gauntlet | Found a transporter.
 15648 | Gauntlet | Found a transporter.
 15666 | Gauntlet | Found a transporter.
 15711 | Gauntlet | Found a transporter.
 15727 | Gauntlet | Found a transporter.
 15828 | Gauntlet | Found a transporter.
 15842 | Gauntlet | Found a transporter.
 15851 | Gauntlet | Found the necklace of Bloodlust {*Rage Will++ Int-3 Slay+6}
 16006 | Gauntlet | Noticed an anaconda
 16083 | Gauntlet | Noticed a dire elephant
 16129 | Gauntlet | Noticed a quicksilver dragon
 16129 | Gauntlet | a dire elephant changed into a quicksilver dragon
 16311 | Gauntlet | Noticed a stone giant
 16326 | Gauntlet | Killed a stone giant
 16598 | Gauntlet | Identified the +1 hat of Gravity {Regen+ Str-3 Stlth+}
 16666 | Gauntlet | Identified the +4 battleaxe of Quampuet {vorpal, rCorr
                  | Str+5}
 16666 | Gauntlet | Noticed a minotaur
 16674 | Gauntlet | Killed a minotaur
 16674 | Gauntlet | Received a gift from Okawaru
 16724 | Gauntlet | Identified the +1 cloak of Naonuts {Rampage Fly rElec}
 16844 | Lair:1   | You fall into a shaft and drop 1 floor!
 17051 | Lair:1   | Received a gift from Okawaru
 17052 | Lair:1   | Reached XP level 13. HP: 124/124 MP: 18/18
 18246 | Lair:3   | Found a staircase to the Snake Pit.
 18275 | Lair:3   | Reached skill level 10 in Shields
 18285 | Lair:3   | Found a staircase to the Shoals.
 19330 | Lair:5   | Found a staircase to the Slime Pits.
 19335 | Lair:5   | Found a viscous altar of Jiyva.
 19345 | Lair:5   | Reached skill level 15 in Fighting
 19371 | Lair:5   | Reached ****** piety under Okawaru
 19457 | Lair:5   | Identified the +6 mace of Fakhla {vorpal, Int+6 Dex+4}
                  | (Okawaru gifted it to you on level 5 of the Lair of Beasts)
 19457 | Lair:5   | Received a gift from Okawaru
 19569 | Lair:5   | Reached XP level 14. HP: 135/135 MP: 19/19
 19720 | Lair:5   | Reached skill level 10 in Throwing
 19837 | Lair:5   | Received a gift from Okawaru
 20092 | Lair:6   | Entered Level 6 of the Lair of Beasts
 20096 | Lair:6   | Noticed Rupert
 20100 | Arena    | Entered the Arena
 20105 | Arena    | Killed Rupert
 20257 | Lair:6   | Received a gift from Okawaru
 20307 | Lair:6   | Found a frozen archway.
 20325 | IceCv    | Entered an ice cave
 20586 | IceCv    | Got the Handbook of Ice
 20748 | Lair:6   | Received a gift from Okawaru
 20895 | Lair:6   | Received a gift from Okawaru
 20976 | Lair:6   | Received a gift from Okawaru
 21403 | Lair:6   | Received a gift from Okawaru
 21435 | Lair:6   | Reached skill level 15 in Shields
 21879 | Lair:6   | Reached XP level 15. HP: 129/145 MP: 20/20
 22242 | Orc:1    | Entered Level 1 of the Orcish Mines
 22316 | Orc:2    | Entered Level 2 of the Orcish Mines
 22317 | Orc:2    | Found a staircase to the Elven Halls.
 22539 | Orc:2    | Found Degoav's Magic Scroll Shoppe.
 22559 | Orc:2    | Bought a scroll of identify for 32 gold pieces
 22626 | Orc:2    | Noticed an orc warlord
 22629 | Arena    | Entered the Arena
 22636 | Arena    | Killed an orc warlord
 22722 | Orc:2    | Found Jymoamio's Antique Weapon Shoppe.
 22727 | Orc:2    | Found Eshoyfewn's Antique Armour Emporium.
 23328 | Orc:2    | Found Jahe's Book Boutique.
 23525 | Orc:1    | Received a gift from Okawaru
 23677 | Orc:1    | Noticed Erolcha
 23689 | Orc:1    | Killed Erolcha
 24061 | D:12     | Received a gift from Okawaru
 24269 | D:12     | Reached skill level 1 in Dodging
 24692 | D:13     | Identified the +3 crystal plate armour of the Nightingale
                  | {Str+3 Dex+3} (Okawaru gifted it to you on level 13 of the
                  | Dungeon)
 24692 | D:13     | Received a gift from Okawaru
 25094 | D:13     | Noticed Azrael
 25110 | D:13     | Killed Azrael
 25837 | D:14     | Found Meot's Book Boutique.
 26101 | D:14     | Paralysed by something for 7 turns
 26481 | D:14     | Found a gate to the Vaults.
 26537 | D:15     | Entered Level 15 of the Dungeon
 26564 | D:15     | Found a staircase to the Depths.
 26669 | D:15     | Identified the +1 scale mail of Nihilism {rF++ rC++ Int-5}
                  | (Okawaru gifted it to you on level 15 of the Dungeon)
 26669 | D:15     | Received a gift from Okawaru
 26725 | D:15     | Reached skill level 15 in Maces & Flails
 27045 | D:15     | Reached XP level 16. HP: 150/156 MP: 21/21
 27491 | D:15     | Acquired the +0 pair of boots "Qet Apo" {Regen+}
 27492 | D:15     | Acquired a +1 eveningstar of holy wrath
 27493 | D:15     | Acquired 382 gold pieces
 27704 | Snake:1  | Entered Level 1 of the Snake Pit
 27848 | Snake:1  | Noticed Josephine
 27873 | Snake:1  | Killed Josephine
 27878 | Arena    | Entered the Arena
 27959 | Snake:1  | Reached skill level 5 in Dodging
 28119 | Snake:1  | Noticed Nikola
 28124 | Arena    | Entered the Arena
 28130 | Arena    | Killed Nikola
 28131 | Arena    | Reached skill level 15 in Armour
 29073 | Arena    | Entered the Arena
 29112 | Snake:1  | HP: 4/157 [shock serpent/electric aura (6)]
 29114 | Snake:1  | Slain by a salamander

Illustrated notes

Levels and vault maps discovered:
D:1:      giann_wishing_wells, layout_basic
D:2:      layout_basic, shapermc_ecumenical_altar_acropolis
D:3:      layout_rooms, uniq_terence, uniq_jessica, uniq_grinder, uniq_ijyb
D:4:      cheibrodos_old_hovel, layout_layer_cave
D:5:      layout_loops_corners, minmay_temple_entry_statues_fountains,
          goddamned_bats
D:6:      layout_layer_cave, minmay_misc_feat_chi, uniq_edmund
D:7:      layout_cave_pools, fedhas_altar_2, serial_column_ruins,
          column_ruins_courtyard_long, column_ruins_columns_straight,
          column_ruins_grid_1, column_ruins_corridor_corner,
          column_ruins_open_tiny, column_ruins_columns_corner
D:8:      layout_loops_ring, erik_lair_orcish_takeover,
          ebering_ghost_funeral_grove, enter_bailey_2, kennysheep_nub,
          uniq_psyche, uniq_joseph, uniq_gastronok
D:9:      layout_rooms, grunt_temple_overflow_champion_of_chaos,
          mainiacjoe_overflow_alcove_1, minivault_27, minmay_misc_feat_columns
D:10:     layout_long_grid, nicolae_overflow_hidden_temple, erik_orc_2,
          hangedman_incinerator
D:11:     old_forge, layout_loops_cross, gammafunk_ghost_nasty_kobolds,
          minmay_the_grid_square_5x5_3x3_mashed [minmay_the_grid_square_5x5_six,
          minmay_the_grid_square_5x5_fat_x, minmay_the_grid_square_5x5_empty,
          minmay_the_grid_square_5x5_checkered_sparse,
          minmay_the_grid_square_5x5_megaprize_checkered,
          minmay_the_grid_square_5x5_slash,
          minmay_the_grid_square_5x5_inverted_slash,
          minmay_the_grid_square_5x5_bridge, minmay_the_grid_square_5x5_corner],
          uniq_fannar
D:12:     layout_irregular_city, minivault_21
D:13:     layout_loops_corners, uniq_azrael
D:14:     layout_loops_corners, grunt_vaults_entry_fortified,
          minmay_staircase_bubble, serial_shops, nicolae_stop_n_shop_2,
          kb_rosetta
D:15:     grunt_enter_depths_snipers, layout_small_grid, minivault_14,
          hangedman_weighted_door, nicolae_sextant, hellmonk_bongcloud_opening
Temple:   eino_narrow_crystal_temple
Lair:1:   layout_regular_city, gauntlet_entry_generic, roderic_batcave
Lair:2:   layout_hall_layers
Lair:3:   layout_cave_shapes, shoals_dummy_entry, guppyfry_snake_entry_garden,
          serial_bayou_lagoon_b, lemuel_fruit_tree
Lair:4:   layout_regular_city, grunt_megastairs_5, serial_bayou_shore_b
Lair:5:   layout_loops_ring, slime_altar_1
Lair:6:   evilmike_catoblepas_cave, layout_layer_cave,
          portal_ice_cave_demonic_guard, serial_bayou_lake_a, uniq_rupert
Snake:1:  layout_chambers, nicolae_snake_storage_room, uniq_josephine,
          uniq_nikola
Orc:1:    layout_diamond_mine, uniq_erolcha
Orc:2:    grunt_orc_community_town_hall, layout_caves,
          grunt_orc_community_big_house_2, grunt_orc_community_big_house_1,
          grunt_orc_community_house_1, grunt_orc_community_house_3,
          grunt_orc_community_house_2, grunt_orc_community_house_2

Skill      XL: |  1  2  3  4  5  6  7  8  9 10 11 12 13 14 15 16 |
---------------+-------------------------------------------------+-----
Maces & Flails | 3 5 6 8 11 14 15 16 | 16.0
Shields        | 4 5 6 7 12 15 17 18 | 18.4
Armour         | 4 5 6 7 8 11 12 13 14 15 | 15.2
Fighting       | 4 5 7 8 11 12 14 15 16 17 18 | 18.1
Invocations    | 1 3 5 7 8 |  8.0
Throwing       | 3 6 8 9 11 12 | 12.0
Dodging        | 4 5 |  5.8

Action                   |  1- 3 |  4- 6 |  7- 9 | 10-12 | 13-15 | 16-18 || total
-------------------------+-------+-------+-------+-------+-------+-------++-------
Melee: Flail             |   101 |    99 |   394 |   413 |       |       ||  1007
       Headbutt          |     8 |    16 |    76 |   123 |   206 |    69 ||   498
       Shillelagh        |       |       |       |   165 |   900 |    32 ||  1097
       Eveningstar       |       |       |       |       |       |   267 ||   267
Invok: Heroism           |       |       |     5 |    14 |    12 |     6 ||    37
       Finesse           |       |       |       |     4 |     3 |     1 ||     8
       Duel              |       |       |       |     1 |     2 |     3 ||     6
Evoke: Wand              |       |       |       |    13 |       |       ||    13
  Use: Potion            |       |     1 |     1 |     1 |       |       ||     3
       Scroll            |       |    10 |     5 |     7 |    13 |     5 ||    40
Armor: Chain mail        |    52 |    56 |   287 |       |       |       ||   395
       Scale mail        |     2 |       |       |       |       |       ||     2
       Crystal plate arm |       |       |       |   394 |   426 |   126 ||   946
Dodge: Dodged            |    29 |    37 |   163 |   115 |   208 |    92 ||   644
Block: Buckler           |    24 |    18 |    90 |   119 |       |       ||   251
       Kite shield       |       |       |       |    32 |   257 |       ||   289
       Tower shield      |       |       |       |       |   328 |   378 ||   706
       Reflection        |       |       |       |       |    18 |    31 ||    49
